 Dungeon Crawl Stone Soup version 0.31-a0-152-g6aa68a64a1 (webtiles) character file.

Game seed: 12464815435276103167

126 qw the Chopper (level 5, -6/32 HPs)
             Began as a Gargoyle Fighter on June 10, 2023.
             Mangled by Pikel
             ... wielding a +1 whip of electrocution
              (10 damage)
             ... on level 4 of the Dungeon.
             The game lasted 00:00:44 (1303 turns).

qw the Chopper (Gargoyle Fighter)                   Turns: 1303, Time: 00:00:44

Health: -6/32      AC: 10    Str: 21    XL:     5   Next: 10%
Magic:  5/5        EV:  9    Int:  9    God:
Gold:   99         SH:  4    Dex:  9    Spells: 4/4 levels left

rFire   . . .        Y - +0 war axe
rCold   . . .        c - +0 buckler
rNeg    + . .        b - +0 scale mail
rPois   inf          (no helmet)
rElec   +            (no cloak)
rCorr   .            (no gloves)
SInv    .            (no boots)
Will    .....        (no amulet) Stlth
                     (no ring)
HPRegen 0.25/turn    (no ring)
MPRegen 0.09/turn

%: no passive effects
@: no status effects
A: sickness immunity, AC +4, negative energy resistance 1, electricity
resistance, torment resistance 1, petrification resistance
a: no special abilities


You were on level 4 of the Dungeon.
You visited 1 branch of the dungeon, and saw 3 of its levels.

You collected 99 gold pieces.


Innate Abilities, Weirdness & Mutations

You are immune to sickness and miasma.
Your stone body is resilient. (AC +4)
You are immune to poison.
You resist negative energy. (rN+)
You are resistant to electric shocks. (rElec)
You are resistant to unholy torment.
You are immune to petrification.


   Skills:
 - Level 3.2 Fighting
 + Level 4.4 Axes
 - Level 1.0 Throwing
 - Level 3.2 Armour
 - Level 3.2 Shields


You had 4 spell levels left.
You didn't know any spells.
Your spell library was empty.

Inventory:

Hand Weapons
 a - a +0 club
 Y - a +0 war axe (weapon)
Missiles
 k - 4 javelins
 q - 2 boomerangs
Armour
 b - a +0 scale mail (worn)
 c - a +0 buckler (worn)
 o - a +0 plate armour
 p - a +1 helmet of see invisible
Jewellery
 f - an amulet of faith
 n - a ring of positive energy
Scrolls
 h - a scroll of identify
 l - a scroll of magic mapping {unknown}
Potions
 d - 3 potions of might
 e - a potion of enlightenment {unknown}
 g - 2 potions of attraction {unknown}
 i - a potion of haste
 j - a potion of heal wounds {unknown}
 m - a potion of mutation {unknown}

Dungeon Overview and Level Annotations

Branches:
Dungeon (2/15)

Altars:
Ashenzari
Xom

Shops:
D:2 (

Annotations:
D:4 Pikel


Message History

Pikel hits you with a +1 whip of electrocution.
You closely miss Pikel.
Pikel is moderately wounded.
Pikel barely misses you.
You barely miss Pikel.
Pikel is moderately wounded.
Pikel says, "Hell isn't that bad."
Pikel hits you with a +1 whip of electrocution.
Pikel hits you but does no damage.
You hit Pikel but do no damage.
Pikel is moderately wounded.
You block Pikel's attack.
You hit Pikel but do no damage.
Pikel is moderately wounded.
Pikel hits you with a +1 whip of electrocution.
You hit Pikel.
Pikel is heavily wounded.
Pikel hits you with a +1 whip of electrocution!
Pikel hits you with a +1 whip of electrocution.
You slash Pikel!
Pikel is severely wounded.
Pikel hits you but does no damage.
You barely miss Pikel.
Pikel is severely wounded.
Pikel hits you with a +1 whip of electrocution.
You barely miss Pikel.
Pikel is severely wounded.
Pikel barely misses you.
Pikel hits you with a +1 whip of electrocution.
You barely miss Pikel.
Pikel is severely wounded.
Pikel hits you but does no damage.
You slash Pikel!
Pikel is almost dead.
You block Pikel's attack.
You barely miss Pikel.
Pikel is almost dead.
Pikel barely misses you.
Pikel hits you with a +1 whip of electrocution!
You die...

##.#.....#
.........# #.###..
.........# ......#
.......... #.....
#......... #....
#......... #5g.
.......... #55
##...#.#.# #K#
##........ #@#
##%.##.#.#######.#
.........#.......#
....####.#.....###
..####...'.........
..# #.#.#.....###..
..# #.#.#.....+
..####...#.)...#
.....#.#.#.....#


You could see Pikel, 3 lemures and a goblin.

Vanquished Creatures
  An ogre (D:4)
  4 endoplasms
  3 giant cockroaches
  5 goblins (D:2)
  4 hobgoblins
  6 jackals
  2 kobolds (D:2)
  3 quokkas
  2 ball pythons
  4 bats
  2 frilled lizards (D:2)
  A rat (D:2)
37 creatures vanquished.

Notes
Turn   | Place    | Note
-------+----------+-------------------------------------------
     0 | D:1      | qw the Gargoyle Fighter began the quest for the Orb.
     0 | D:1      | Reached XP level 1. HP: 14/14 MP: 1/1
     0 | D:1      | 0 ||| qw: Version: 0.2-a-29-gd901d54
     0 | D:1      | 0 ||| qw: Game counter: 3961
     0 | D:1      | 0 ||| qw: Always use a shield: true
     0 | D:1      | 0 ||| qw: God list: Okawaru
     0 | D:1      | 0 ||| qw: Allow faded altars: false
     0 | D:1      | 0 ||| qw: Do Orc after D:15 true
     0 | D:1      | 0 ||| qw: Do second Lair branch before Depths: true
     0 | D:1      | 0 ||| qw: Lair rune preference: random
     0 | D:1      | 0 ||| qw: Plans: Normal, Zot:1-4, Slime:5, God:TSO, Crypt,
                  | Tomb, Abyss, Pan, Hells, Win
     0 | D:1      | 0 ||| PLANNING D:1-11
    56 | D:1      | Reached skill level 2 in Axes
   419 | D:1      | Reached XP level 2. HP: 19/19 MP: 2/2
   755 | D:1      | 755 ||| READING scroll labelled TOPPIH ASHUTIU.
   756 | D:1      | 756 ||| READING scroll labelled KOZXEICZI ASHRU.
   757 | D:1      | 757 ||| READING scroll labelled ESAYRU QET NAO.
   758 | D:1      | 758 ||| DRINKING 2 fuming black potions.
   776 | D:2      | 776 ||| STAIRDANCE
   787 | D:2      | 787 ||| STAIRDANCE
   808 | D:2      | Found Geugeq's Weapon Boutique.
   829 | D:2      | 829 ||| Stepping ~*~*~tactically~*~*~ (stealth).
   830 | D:2      | 830 ||| Stepping ~*~*~tactically~*~*~ (stealth).
   856 | D:2      | Reached skill level 3 in Axes
   858 | D:2      | Reached XP level 3. HP: 23/23 MP: 3/3
   874 | D:2      | Found a shimmering altar of Xom.
   971 | D:2      | Reached skill level 1 in Throwing
  1019 | D:2      | 1019 ||| Stepping ~*~*~tactically~*~*~ (stealth).
  1142 | D:2      | You fall into a shaft and drop 2 floors!
  1143 | D:4      | Noticed an ogre
  1156 | D:4      | Killed an ogre
  1157 | D:4      | Reached skill level 4 in Axes
  1157 | D:4      | Reached XP level 4. HP: 12/28 MP: 4/4
  1157 | D:4      | Reached XP level 5. HP: 14/32 MP: 5/5
  1231 | D:4      | Found a broken altar of Ashenzari.
  1277 | D:4      | Noticed a lemure
  1277 | D:4      | Noticed Pikel
  1278 | D:4      | 1278 ||| Stepping ~*~*~tactically~*~*~ (stealth).
  1279 | D:4      | Noticed a lemure
  1279 | D:4      | Noticed a lemure
  1283 | D:4      | Noticed a lemure
  1299 | D:4      | HP: 8/32 [Pikel/+1 whip of electrocution (1)]
  1300 | D:4      | HP: 3/32 [Pikel/+1 whip of electrocution (6)]
  1303 | D:4      | Mangled by Pikel

Levels and vault maps discovered:
D:1:      dpeg_arrival_shelter, layout_basic, corexii_item_surrounded_by_moat
D:2:      layout_rooms, serial_shops, nicolae_shop_just_a_little_nook,
          basic_altar, minmay_tromino_v7
D:4:      cheibrodos_greedy_goblins, layout_basic,
          nicolae_overflow_hidden_temple, nicolae_overflow_crystal_walls,
          gammafunk_ghost_nasty_kobolds, uniq_pikel

Skill      XL: |  1  2  3 |
---------------+----------+-----
Axes           | 2 3 4 |  4.4
Throwing       | 1 |  1.0
Fighting       | |  3.2
Armour         | |  3.2
Shields        | |  3.2

Action                     |  1- 3 |  4- 6 || total
---------------------------+-------+-------++-------
  Melee: War axe           |    93 |    27 ||   120
    Use: Scroll            |     3 |       ||     3
         Potion            |     1 |       ||     1
 Armour: Scale mail        |    46 |     7 ||    53
  Dodge: Dodged            |    41 |    10 ||    51
  Block: Buckler           |    16 |     3 ||    19

Table legend:
 A = Non-vault XP
 B = Vault XP
 C = Vault XP percentage of total XP
 D = Non-vault monster count
 E = Vault monster count
 F = Vault count percentage of total count
                 A         B        C        D         E       F
            +---------+---------+-------+---------+---------+-------
      Total |     173 |       8 |   4.4 |      33 |       4 |  10.8
            +---------+---------+-------+---------+---------+-------
        D:1 |      24 |       0 |   0.0 |      13 |       0 |   0.0
        D:2 |      29 |       8 |  21.6 |      17 |       4 |  19.0
        D:4 |     120 |       0 |   0.0 |       3 |       0 |   0.0
            +---------+---------+-------+---------+---------+-------
